Map: Dreamcatcher LE

Players

cyan

  • Race: Protoss Protoss
  • Spawn Location: 5:00

Clem - Winner!

  • Race: Terran Terran
  • Spawn Location: 11:00

Event: WCS Austin 2018

VOD

Have the link to the VOD?

Description

Time

  • Played on: June 1, 2018, 8:12 p.m.
  • Length: 19:48

All games in this series

Show
View Real Time Build Order
Export as new Build Order

cyan Protoss 

Build Orders: 1 Gate Expand, Oracle Opening 

Get SALT Encoding   

  12  0:00  Probe  
  13  0:12  Probe  
  14  0:19  Pylon  
  14  0:24  Probe  
  15  0:33  Probe  
  15  0:38  Gateway  
  15  0:41  Probe  
  16  0:47  Assimilator  
  17  0:52  Probe  
  19  1:04  Probe  
  19  1:16  Probe  
  20  1:24  Nexus  
  20  1:34  Cybernetics Core  
  20  1:37  Probe  
  21  1:42  Assimilator  
  21  1:49  Probe  
  21  1:53  Pylon  
  22  2:02  Adept  
  22  2:03  Probe  
  23  2:15  Probe  
  26  2:18  Stargate  
  26  2:25  Warp Gate  
  26  2:26  Probe  
  26  2:28  Adept  
  29  2:31  Probe  
  29  2:34  Probe  
  30  2:39  Probe  
  30  2:42  Probe  
  32  2:50  Probe  
  32  2:55  Probe  
  34  2:59  Adept  
  34  3:01  Oracle  
  36  3:05  Probe  
  36  3:10  Probe  
  39  3:15  Pylon  
  39  3:17  Probe  
  40  3:23  Probe  
  40  3:26  Adept  
  43  3:30  Probe  
  43  3:33  Oracle  
  44  3:35  Probe  
  48  3:42  Probe  
  48  3:47  Probe  
  50  3:50  Nexus  
  50  3:54  Probe  
  51  3:56  Pylon  
  51  3:59  Probe  
  52  4:04  Gateway  
  52  4:06  Probe  
  52  4:11  Probe, Gateway  
  53  4:18  Probe  
  53  4:19  Assimilator  
  53  4:21  Assimilator  
  53  4:23  Probe  
  55  4:25  Pylon  
  55  4:30  Probe  
  56  4:32  Phoenix  
  56  4:36  Probe  
  59  4:43  Forge, Twilight Council  
  59  4:44  Probe  
  60  4:48  Probe  
  60  4:49  Protoss Ground Armor Level 1  
  61  4:54  Charge  
  61  4:57  Probe  
  61  4:59  Phoenix  
  64  5:04  Probe  
  64  5:05  Probe  
  63  5:09  Adept x2, Probe, Sentry  
  70  5:16  Probe  
  70  5:17  Probe  
  70  5:18  Shield Battery  
  72  5:24  Phoenix  
  72  5:26  Probe  
  75  5:29  Probe x2  
  77  5:36  Pylon  
  77  5:38  Probe  
  78  5:43  Gateway  
  78  5:48  Gateway  
  78  5:49  Gateway  
  78  5:50  Gateway  
  78  5:55  Gateway  
  78  5:58  Phoenix  
  78  6:02  Probe  
  81  6:05  Pylon  
  81  6:06  Shield Battery, Probe  
  81  6:10  Sentry  
  81  6:11  Zealot x2  
  88  6:19  Phoenix  
  88  6:22  Photon Cannon  
  88  6:23  Probe x3  
  93  6:25  Pylon  
  93  6:27  Protoss Ground Armor Level 2  
  93  6:31  Zealot x2  
  97  6:38  Phoenix  
  97  6:40  Zealot x2  
  97  6:45  Photon Cannon  
  103  6:48  Robotics Facility  
  101  6:55  Zealot x3  
  101  6:56  Zealot  
  109  7:01  Pylon  
  109  7:02  Pylon  
  109  7:13  Pylon  
  109  7:19  Phoenix  
  111  7:29  Zealot x8  
  116  7:35  Observer  
  107  7:44  Phoenix  
  107  7:52  Zealot x8  
  107  7:55  Templar Archives  
  123  8:02  Immortal  
  123  8:08  Pylon  
  123  8:09  Oracle  
  130  8:13  Pylon  
  130  8:20  Zealot  
  130  8:23  Pylon  
  130  8:26  Pylon  
  132  8:27  Pylon  
  132  8:33  High Templar x3  
  138  8:36  Zealot x2  
  138  8:37  High Templar, Zealot  
  138  8:38  Archon  
  138  8:39  Immortal  
  150  8:43  Archon  
  140  8:58  Stalker x2  
  140  8:59  Stalker, Zealot  
  143  9:04  Phoenix  
  143  9:08  Nexus  
  145  9:10  Zealot x4  
  145  9:11  Pylon  
  145  9:12  Immortal  
  153  9:18  Protoss Ground Weapons Level 1  
  153  9:23  Zealot x4  
  155  9:29  Phoenix  
  155  9:35  Shield Battery x2  
  155  9:37  Photon Cannon  
  143  9:45  Observer  
  143  9:47  Zealot x4  
  143  9:51  Observer  
  134  9:57  Phoenix  
  128  10:00  Zealot x4  
  136  10:11  Stalker x3  
  136  10:14  Stalker  
  129  10:24  Immortal  
  129  10:26  Zealot x4  
  123  10:35  Sentry x2, Zealot  
  129  10:44  Stalker  
  129  10:57  Immortal  
  129  11:01  Zealot x4  
  121  11:06  Zealot x2  
  121  11:08  Phoenix  
  124  11:12  Zealot x2  
  122  11:22  Stalker  
  92  11:29  Zealot x3  
  92  11:30  Observer  
  92  11:37  Zealot x3  
  92  11:38  Immortal  
  93  11:45  Zealot x2  
  87  11:50  Stalker x3  
  87  11:52  Blink  
  89  12:03  Stalker, Zealot x2  
  85  12:09  Stalker  
  85  12:10  Stalker  
  85  12:11  Immortal  
  87  12:19  Zealot x3  
  95  12:32  Sentry x2, Zealot  
  95  12:35  Stalker x2  
  92  12:38  Protoss Ground Weapons Level 2  
  92  12:41  Probe x2  
  92  12:42  Warp Prism, Probe x2  
  91  12:45  Stalker x2  
  91  12:53  Probe  
  91  13:01  Probe x2  
  91  13:03  Probe  
  94  13:06  Probe  
  94  13:09  Probe x2  
  94  13:12  Observer  
  95  13:13  Zealot x2  
  95  13:15  Probe  
  95  13:18  Psionic Storm, Zealot x2  
  107  13:31  Probe x2  
  107  13:33  Assimilator  
  109  13:37  Assimilator, Zealot x2  
  109  13:39  Probe x2  
  98  13:43  Probe  
  98  13:45  Probe  
  98  13:46  Phoenix  
  100  13:51  Zealot x2  
  104  13:56  High Templar  
  104  14:00  High Templar  
  108  14:11  High Templar  
  100  14:21  Observer, Probe x2  
  100  14:22  Probe  
  100  14:23  Probe  
  104  14:29  High Templar  
  104  14:31  High Templar  
  105  14:32  Warp Prism, Zealot x5  
  105  14:33  Probe  
  105  14:38  Probe, Protoss Ground Armor Level 3  
  119  14:54  Probe x3  
  119  14:58  Assimilator  
  116  15:01  Assimilator  
  116  15:19  High Templar x3  
  116  15:20  Zealot x5  
  122  15:35  Robotics Bay  
  122  15:41  Stalker x2  
  122  15:42  Stalker x2  
  128  16:01  High Templar x2  
  130  16:04  High Templar  
  130  16:08  Stalker x2  
  132  16:21  Disruptor, Zealot x3  
  134  16:43  High Templar x2  
  137  16:47  Disruptor, Zealot x2  
  137  16:50  Nexus  
  137  16:51  Pylon  
  137  16:53  Pylon  
  142  17:18  Stalker x4  
  142  17:40  Zealot x4  
  149  17:54  Stalker x2  
  150  18:10  Stalker x3  
  109  18:30  Zealot x2  
  97  18:54  Pylon  
  94  18:56  High Templar x2  
  94  18:59  Pylon  
  96  19:14  Pylon  
  94  19:17  Nexus  
  94  19:32  Stalker  
  94  19:35  Stalker  
  95  19:42  Archon  
  95  19:43  Archon  
Show
View Real Time Build Order
Export as new Build Order

Clem Terran - Winner!

Build Orders: Gas First Reaper Expand, Reaper Expand, MMM Bio 

Get SALT Encoding   

  12  0:01  SCV  
  13  0:13  SCV  
  14  0:17  Supply Depot  
  14  0:25  SCV  
  15  0:29  Refinery  
  15  0:39  SCV  
  16  0:44  Barracks  
  16  0:51  SCV  
  17  1:03  SCV  
  18  1:15  SCV  
  19  1:31  Orbital Command  
  19  1:32  Reaper  
  20  1:47  Command Center  
  20  1:59  SCV  
  20  2:00  Factory  
  21  2:12  SCV  
  21  2:13  Supply Depot, Barracks Reactor  
  22  2:20  Refinery  
  22  2:24  SCV  
  23  2:36  SCV  
  23  2:45  Hellion  
  23  2:46  Starport  
  23  2:48  SCV  
  23  2:49  Marine  
  23  2:51  Marine  
  28  3:00  SCV  
  26  3:06  Marine  
  26  3:08  Marine  
  28  3:13  SCV  
  28  3:15  Widow Mine  
  28  3:18  Orbital Command  
  31  3:25  SCV  
  32  3:27  Marine  
  32  3:28  Marine  
  32  3:33  Medivac  
  36  3:37  SCV  
  36  3:40  Widow Mine  
  39  3:45  SCV  
  40  3:49  SCV  
  40  3:51  Supply Depot  
  40  3:55  Marine x2  
  43  3:57  SCV  
  43  4:01  SCV  
  45  4:09  SCV  
  46  4:13  Supply Depot, SCV  
  47  4:17  Starport Tech Lab, Barracks  
  47  4:18  Factory Tech Lab  
  47  4:21  Barracks  
  47  4:23  Marine x2  
  49  4:28  SCV x2  
  51  4:34  Engineering Bay  
  51  4:40  SCV x2  
  51  4:41  Marine x2  
  55  4:46  Factory Reactor  
  55  4:47  Starport Reactor  
  55  4:49  Refinery  
  55  4:52  SCV x2  
  54  5:04  SCV x2  
  54  5:05  Marine x2  
  56  5:14  Stimpack, Combat Shield  
  56  5:16  SCV x2  
  56  5:18  Terran Infantry Weapons Level 1, Supply Depot  
  58  5:25  Marauder x2  
  62  5:28  Supply Depot  
  62  5:36  Missile Turret  
  62  5:39  Missile Turret  
  62  5:40  SCV x2  
  62  5:41  Marine x2  
  66  5:47  Widow Mine x2  
  70  5:52  Medivac x2  
  70  5:55  SCV x2  
  76  5:58  Supply Depot  
  76  6:00  Marine x2  
  78  6:06  Refinery  
  78  6:07  Supply Depot  
  78  6:15  Barracks  
  78  6:17  Barracks  
  78  6:20  SCV x2  
  78  6:21  Widow Mine x2  
  84  6:25  Supply Depot  
  84  6:29  Marine x2  
  84  6:32  SCV  
  85  6:33  Medivac  
  85  6:36  Medivac  
  89  6:40  SCV  
  89  6:44  Marauder, Marine  
  89  6:46  SCV  
  91  6:56  Widow Mine  
  91  6:57  Widow Mine  
  91  6:59  Marine x2  
  91  7:00  Supply Depot  
  95  7:03  Medivac  
  95  7:06  Marauder, Concussive Shells  
  99  7:10  Barracks Tech Lab, Barracks Reactor  
  99  7:11  Medivac  
  99  7:12  Terran Infantry Armor Level 1  
  99  7:15  Supply Depot  
  101  7:17  Reaper  
  101  7:22  Marauder, Widow Mine x2, Marine  
  101  7:30  Marauder x2, SCV, Liberator  
  101  7:31  Liberator  
  101  7:35  SCV  
  101  7:39  Marine  
  101  7:43  Marine  
  105  7:44  Widow Mine x2  
  109  7:53  Marine x2  
  109  7:57  Supply Depot, Marine  
  112  8:03  Marine  
  112  8:05  Widow Mine  
  115  8:07  Command Center  
  115  8:14  Widow Mine  
  115  8:15  Marine  
  115  8:18  Marine  
  115  8:19  Marauder, Supply Depot  
  121  8:20  Supply Depot  
  121  8:24  Marine x2  
  125  8:27  Marauder  
  125  8:35  Liberator  
  125  8:36  Marine  
  125  8:40  Widow Mine  
  125  8:41  Marauder x2, Widow Mine, Liberator  
  133  8:48  Marauder  
  133  8:54  Marine x2  
  127  8:59  Marine  
  127  9:00  Marine  
  127  9:01  SCV x2  
  127  9:02  Marauder, Widow Mine  
  138  9:13  Armory  
  138  9:14  Engineering Bay  
  136  9:19  Marine x4  
  136  9:20  Marauder x2  
  136  9:22  SCV, Liberator  
  145  9:28  Widow Mine x2  
  149  9:32  Supply Depot  
  149  9:34  Orbital Command  
  149  9:40  Liberator  
  149  9:42  Marine x3  
  149  9:44  SCV  
  149  9:45  SCV  
  155  9:49  Widow Mine  
  155  9:50  Marine  
  151  9:56  SCV  
  151  9:57  Widow Mine  
  147  10:04  Marine x3  
  147  10:06  Marauder  
  152  10:09  Marauder  
  152  10:10  Widow Mine, SCV  
  152  10:11  Marine  
  156  10:15  Terran Infantry Weapons Level 2  
  156  10:20  Terran Infantry Armor Level 2  
  155  10:23  Medivac  
  155  10:27  Widow Mine, Marine  
  155  10:28  SCV  
  156  10:30  SCV  
  156  10:31  Marine x2  
  156  10:37  Marauder x2  
  156  10:41  Marauder  
  162  10:43  Liberator  
  162  10:44  Widow Mine  
  162  10:46  Marine  
  165  10:54  SCV x2  
  165  10:58  Marine  
  165  10:59  Widow Mine  
  165  11:03  Marine  
  165  11:05  Liberator  
  165  11:06  Refinery  
  165  11:07  Refinery  
  165  11:09  Marauder  
  165  11:16  Command Center  
  165  11:17  Marine  
  165  11:18  Marine x2  
  164  11:20  Widow Mine  
  164  11:21  Marauder, SCV  
  164  11:22  Widow Mine  
  164  11:23  Marine  
  164  11:24  Marine  
  135  11:28  SCV  
  135  11:30  Marauder  
  136  11:34  Marine  
  136  11:36  Marauder, Marine  
  136  11:37  SCV  
  128  11:42  Marauder, SCV  
  128  11:43  Marine  
  128  11:44  SCV  
  121  11:48  Marine  
  121  11:49  SCV  
  121  11:51  Marauder  
  119  11:57  Marauder  
  119  11:59  Widow Mine x2  
  120  12:03  Marauder, Marine x2  
  111  12:08  Barracks  
  111  12:09  Barracks  
  111  12:13  Marauder  
  111  12:14  Medivac x2  
  117  12:16  Starport  
  117  12:19  Fusion Core  
  117  12:22  Marine x2  
  115  12:23  Marauder  
  115  12:29  Marauder  
  115  12:30  Widow Mine  
  115  12:31  Marine x2  
  115  12:33  Widow Mine  
  119  12:43  Marine x2  
  120  12:44  Marauder x2, Medivac  
  120  12:50  Marauder  
  123  12:52  Widow Mine  
  123  12:53  Marine x2  
  123  12:56  Starport Tech Lab, Widow Mine  
  124  13:00  Planetary Fortress, Marine  
  124  13:03  Barracks Tech Lab x2  
  124  13:05  Marine, Barracks Reactor  
  125  13:11  Terran Infantry Weapons Level 3  
  126  13:17  Advanced Ballistics  
  126  13:21  Widow Mine x2  
  126  13:25  Refinery x2  
  126  13:26  Terran Infantry Armor Level 3, Liberator x2  
  130  13:33  Marine  
  132  13:34  Marauder  
  132  13:35  SCV x2  
  132  13:37  SCV  
  133  13:42  Widow Mine  
  141  13:49  Marauder, Marine  
  141  13:50  SCV  
  141  13:55  Liberator, Command Center  
  145  13:57  Sensor Tower, Marine x2  
  145  13:58  Marauder  
  145  14:00  Widow Mine  
  151  14:03  Marine x2  
  151  14:05  Supply Depot  
  151  14:07  Marine  
  151  14:09  Liberator  
  154  14:11  Widow Mine  
  154  14:15  Marine  
  160  14:19  Marine  
  160  14:20  Marauder  
  160  14:21  Widow Mine  
  160  14:23  Liberator  
  161  14:26  Marine x5  
  161  14:28  Marauder  
  167  14:32  Widow Mine  
  167  14:34  Starport, SCV  
  167  14:35  Terran Ship Weapons Level 1  
  170  14:43  Widow Mine  
  170  14:45  Marine x2, Liberator  
  175  14:48  Supply Depot  
  175  14:52  Liberator  
  171  14:54  Widow Mine  
  171  14:55  Liberator  
  171  14:56  Ghost Academy, Supply Depot  
  169  15:04  Widow Mine  
  169  15:06  Liberator  
  174  15:11  Marine  
  174  15:12  Marauder  
  182  15:15  Widow Mine  
  182  15:19  Marine x3  
  182  15:20  Marauder  
  187  15:24  Marine x2  
  187  15:25  Widow Mine  
  194  15:31  Marine  
  194  15:32  Marauder  
  197  15:36  Widow Mine  
  197  15:39  Marine  
  200  15:45  Missile Turret  
  200  16:01  Medivac  
  199  16:08  Starport, Command Center x2  
  199  16:09  Starport  
  199  16:18  Planetary Fortress  
  198  16:22  Medivac  
  198  16:24  Marauder, Widow Mine, Marine x2  
  196  16:27  Marauder, Marine x2  
  200  16:36  Refinery x2  
  200  16:55  Terran Ship Weapons Level 2  
  199  17:03  Liberator x2  
  194  17:21  Liberator  
  200  17:26  Liberator  
  200  17:34  Liberator x2  
  194  17:40  Widow Mine  
  194  17:41  Marauder  
  180  17:52  Widow Mine, Marine  
  180  17:53  Marauder x2  
  180  17:56  Marine x2  
  180  17:57  Marauder  
  192  18:00  Marine x3  
  192  18:01  Widow Mine  
  192  18:02  Marauder  
  194  18:10  Marine  
  194  18:11  Orbital Command, Barracks x2  
  194  18:12  Barracks x3  
  194  18:14  Marauder x2, Widow Mine, Liberator  
  194  18:15  Liberator  
  194  18:18  Marauder  
  194  18:19  Liberator  
  197  18:21  Medivac  
  197  18:23  Widow Mine  
  197  18:24  Marauder  
  171  18:27  Marine x2  
  171  18:29  Liberator  
  169  18:35  Marauder, Widow Mine, Ghost  
  169  18:39  Marine x4, Ghost  
  178  18:44  Widow Mine, Ghost  
  178  18:47  Marine  
  178  18:48  Marine  
  178  18:50  Planetary Fortress  
  178  18:56  Ghost  
  178  18:59  Barracks Tech Lab  
  178  19:00  Barracks Tech Lab, Barracks Reactor x2  
  178  19:01  Barracks Reactor  
  178  19:02  Medivac x2  
  184  19:03  Widow Mine  
  184  19:06  Widow Mine  
  188  19:12  Sensor Tower  
  188  19:16  SCV x2  
  190  19:17  Sensor Tower, SCV  
Tags
 
Add a new tag
Caveats
  • Supply blocks, unpowered buildings, or Contaminate may cause inaccurate times.
  • Supply counts are checked every 10 seconds.